 Dungeon Crawl Stone Soup version 0.30-a0-634-g8abc85282e (webtiles) character file.

Game seed: 1198523602781565852

24 wormed the Cudgeller (level 3, -4/19 HPs)
             Began as a Vine Stalker Berserker on Jan 14, 2023.
             Was a Follower of Trog.
             Slain by a gnoll
             ... wielding a +0 whip
              (5 damage)
             ... on level 1 of the Dungeon.
             The game lasted 00:01:11 (687 turns).

wormed the Cudgeller (Vine Stalker Berserker)        Turns: 687, Time: 00:01:11

Health: -4/19      AC:  2    Str: 19    XL:     3   Next: 2%
Magic:  0/4        EV: 12    Int:  7    God:    Trog [*.....]
Gold:   7          SH:  0    Dex: 15    Spells: 2/2 levels left

rFire   . . .      SeeInvis .    a - +0 mace
rCold   . . .      Faith    .    (no shield)
rNeg    . . .      Spirit   +    b - +0 animal skin
rPois   .          Reflect  .    (no helmet)
rElec   .          Harm     .    (no cloak)
rCorr   .          Rampage  .    (no gloves)
Will    .....                    (no boots)
Stlth   +                        (no amulet)
HPRegen 0.23/turn                (no ring)
MPRegen 0.09/turn                (no ring)

@: on berserk cooldown, slowed, very slow
A: fangs 2, magic shield, antimagic bite, no potion heal 2
a: Renounce Religion, Berserk


You were on level 1 of the Dungeon.
You worshipped Trog.
Trog was aware of your devotion.
You visited 1 branch of the dungeon, and saw 2 of its levels.

You collected 7 gold pieces.

Inventory:

Hand Weapons
 a - a +0 mace (weapon)
Armour
 b - a +0 animal skin (worn)
Scrolls
 d - a scroll of butterflies {unknown}
 f - a scroll of silence {unknown}
 g - a scroll of vulnerability {unknown}
Potions
 c - 2 potions of haste {unknown}
 e - 2 potions of mutation {unknown}


   Skills:
 + Level 2.9 Fighting
 * Level 3.0 Maces & Flails
 + Level 1.8 Armour
 + Level 1.8 Dodging
 + Level 0.5 Shields


You had 2 spell levels left.
You didn't know any spells.
Your spell library was empty.

Dungeon Overview and Level Annotations

Branches:
Dungeon (2/15)

Altars:

Shops:
D:1 =


Innate Abilities, Weirdness & Mutations

You have extremely sharp teeth.
When hurt, damage is shared between your health and your magic reserves.
Your bite disrupts and absorbs the magic of your enemies.
Potions cannot restore your health.


Message History

Done exploring.
Done exploring.
Done exploring.
Done exploring.
Search for what [? for help]? .
Things that are here:
a +0 club; a goblin corpse You see here a frilled lizard skeleton.
There is a stone staircase leading down here.
You climb downwards.
The gnoll shouts!
You hear a shout!
The gnoll shouts!
Found a viscous white potion and a scroll labelled PUIROA MIEMMA.
There is a stone staircase leading up here. 2 gnolls come into view.
Found a scale mail.
The gnoll shouts! x2
The gnoll hits you with a +0 club. The gnoll hits you with a +0 whip.
You hit the gnoll. You bite the gnoll. You drain its power.
You feel invigorated.
The gnoll is heavily wounded.
The gnoll hits you with a +0 club!
* * * LOW HITPOINT WARNING * * *
The gnoll closely misses you.
You are too injured to fight recklessly!
A red film seems to cover your vision as you go berserk!
You feel yourself moving faster!
You feel mighty! The gnoll hits you with a +0 whip.
* * * LOW HITPOINT WARNING * * *
The gnoll hits you with a +0 club.
* * * LOW HITPOINT WARNING * * *
The gnoll barely misses you.
You feel a strong urge to attack something.
There is a stone staircase leading up here.
You climb upwards.
You feel your anger nearly subside.
You are no longer berserk.
You are exhausted.
You feel yourself slow down.
There is a stone staircase leading down here.
You barely miss the gnoll. The gnoll hits you with a +0 whip.
You die...

#..........#### #.#.
#..........# #####...
#..........####...###.
#.........###.......##
#.........##.........#
#.........##....8.....
#.........##.........#
#.........###.......##
#####@#########...###
#g## #...####.### #..#
#.#.####...# #..#
#.#.##...... #..##
#.#.#.......
#...###.#.#....8..
###.......#.#.......
#.....>.....##......
#........##.####...#


You could see a gnoll.

Vanquished Creatures
  6 ball pythons (D:1)
  A bat (D:1)
  3 endoplasms (D:1)
  3 goblins (D:1)
  2 hobgoblins (D:1)
  3 kobolds (D:1)
  2 frilled lizards (D:1)
  2 rats (D:1)
22 creatures vanquished.

Notes
Turn   | Place    | Note
-------+----------+-------------------------------------------
     0 | D:1      | wormed the Vine Stalker Berserker began the quest for the
                  | Orb.
     0 | D:1      | Reached XP level 1. HP: 11/11 MP: 2/2
    66 | D:1      | Found Equwatip's Jewellery Emporium.
    83 | D:1      | Reached XP level 2. HP: 12/16 MP: 3/3
   322 | D:1      | Reached skill level 3 in Maces & Flails
   644 | D:1      | Reached XP level 3. HP: 19/19 MP: 4/4
   683 | D:2      | HP: 1/28 [gnoll/+0 club (5)]
   687 | D:1      | Slain by a gnoll

Illustrated notes

Levels and vault maps discovered:
D:1:      dpeg_arrival_three_same_balls, layout_basic, serial_shops,
          nicolae_shop_window_shopping
D:2:      layout_basic, shapermc_ecumenical_altar_flowoftime, uniq_sigmund

Skill      XL: |  1  2 |
---------------+-------+-----
Maces & Flails | 3 |  3.0
Fighting       | |  2.9
Armour         | |  1.8
Dodging        | |  1.8
Shields        | |  0.5

Action                   || total
-------------------------++-------
Melee: Mace              ||    49
       Bite              ||    12
Invok: Berserk           ||     1
Armor: Animal skin       ||    10
Dodge: Dodged            ||    33

Table legend: (Time is in decaauts)
 A = Elapsed time spent in this place.
 B = Non-inter-level travel time spent in this place.
 C = Inter-level travel time spent in this place.
 D = Time resting spent in this place.
 E = Time spent auto-exploring this place.
 F = Levels seen in this place.
 G = Mean time per level.
                   A        B        C        D        E       F      G
               +--------+--------+--------+--------+--------+-----+--------+
         Total |    698 |    666 |     32 |      0 |    534 |   2 |  349.0 |
       Dungeon |    698 |    666 |     32 |      0 |    534 |   2 |  349.0 |
               +--------+--------+--------+--------+--------+-----+--------+

Top non-repeatable levels by time:
     D:1: 693 daAuts
     D:2: 5 daAuts
